 Dungeon Crawl Stone Soup version 0.23-a0-612-gcb482e9 (console) character file.

45768 Duffy the Cleaver (level 14, -6/135 HPs)
             Began as a Naga Gladiator on Dec 21, 2018.
             Was a High Priest of the Shining One (penitent).
             Mangled by a death yak (12 damage)
             ... on level 6 of the Lair of Beasts.
             The game lasted 00:25:46 (21971 turns).

Duffy the Cleaver (Naga Gladiator)                 Turns: 21971, Time: 00:25:47

Health: -6/135     AC: 25    Str: 22    XL:     14   Next: 34%
Magic:  21/21      EV:  8    Int:  9    God:    the Shining One [*]
Gold:   804        SH: 12    Dex: 17    Spells: 13/13 levels left

rFire    . . .     SeeInvis +   z - +0 war axe (venom)
rCold    . . .     Gourm    .   y - +0 large shield
rNeg     + + .     Faith    .   E - +2 plate armour {MR+}
rPois    +         Spirit   .   r - +2 helmet
rElec    .         Reflect  .   b - +2 cloak
rCorr    .         Harm     .   p - +0 pair of gloves
MR       +++..                  (no barding)
Stlth    ..........             (no amulet)
HPRegen  0.32/turn              n - +2 ring of evasion
MPRegen  0.17/turn              O - ring of protection from magic

@: agile, about to teleport, very slow
A: large, see invisible, deformed body, poison resistance, slowness 2, slow
metabolism 1, spit poison 1, constrict 1, AC +4
a: Spit Poison, Renounce Religion


You were on level 6 of the Lair of Beasts.
You worshipped the Shining One.
The Shining One was demanding penance.
You were hungry.

You visited 3 branches of the dungeon, and saw 17 of its levels.
You also visited: Ossuary.

You collected 1035 gold pieces.
You spent 231 gold pieces at shops.

Inventory:

Hand Weapons
 a - a +0 war axe
 z - a +0 war axe of venom (weapon)
 G - a +2 morningstar
Missiles
 d - 6 throwing nets (quivered)
Armour
 b - a +2 cloak (worn)
 p - a +0 pair of gloves (worn)
 r - a +2 helmet (worn)
 y - a +0 large shield (worn)
 E - a +2 plate armour of magic resistance (worn)
Jewellery
 h - an uncursed ring of fire
 n - a +2 ring of evasion (left hand)
 O - a ring of protection from magic (right hand)
 S - a +4 ring of strength {unknown}
Wands
 k - a wand of iceblast (21)
 s - a wand of flame (22)
 v - a wand of paralysis (20)
 x - a wand of clouds (3)
 C - a wand of polymorph (5)
 N - a wand of disintegration (12)
Scrolls
 g - 6 scrolls of immolation {unknown}
 i - 7 scrolls of remove curse
 j - a scroll of blinking
 q - 10 scrolls of teleportation
 t - 5 scrolls of magic mapping
 I - 2 scrolls of fog
 J - 2 scrolls of fear
 K - a scroll of random uselessness {unknown}
 L - a scroll of enchant armour
 P - a scroll of brand weapon
 Q - a scroll of vulnerability {unknown}
 R - a scroll of enchant weapon {unknown}
 T - a scroll of noise {unknown}
Potions
 c - 14 potions of curing
 e - 2 potions of resistance
 l - a potion of heal wounds
 m - 3 potions of might
 o - a potion of cancellation
 u - a potion of magic
 w - 2 potions of brilliance {unknown}
 A - 2 potions of flight
 B - 2 potions of ambrosia
 D - a potion of haste
 F - a potion of mutation
 H - 3 potions of lignification
Comestibles
 f - 28 rations


   Skills:
 - Level 11.0 Fighting
 + Level 13.4 Axes
 - Level 1.7 Throwing
 + Level 11.7 Armour
 - Level 2.4 Dodging
 - Level 10.0 Invocations
 - Level 6.1 Evocations


You had 13 spell levels left.
You didn't know any spells.
Your spell library contained the following spells:

 Spells                   Type           Power        Failure   Level  Hunger
 Animate Skeleton         Necr           N/A          100%        1    ##.....
 Confusing Touch          Hex            #.....       100%        1    ##.....
 Corona                   Hex            #......      100%        1    ##.....
 Magic Dart               Conj           #...         100%        1    ##.....
 Pain                     Necr           #...         100%        1    ##.....
 Blink                    Tloc           N/A          100%        2    ###....
 Call Imp                 Summ           #.......     100%        2    ###....
 Slow                     Hex            #.......     100%        2    ###....
 Confuse                  Hex            #.......     100%        3    ####...
 Conjure Flame            Conj/Fire      #.......     100%        3    ####...
 Gell's Gravitas          Tloc           #.........   100%        3    ####...
 Inner Flame              Hex/Fire       #.......     100%        3    ####...
 Mephitic Cloud           Conj/Pois/Air  #.......     100%        3    ####...
 Portal Projectile        Hex/Tloc       #.....       100%        3    ####...
 Regeneration             Chrm/Necr      #.........   100%        3    ####...
 Vampiric Draining        Necr           #.........   100%        3    ####...
 Animate Dead             Necr           N/A          100%        4    #####..
 Cause Fear               Hex            #.........   100%        4    #####..
 Leda's Liquefaction      Hex/Erth       #.........   100%        4    #####..
 Petrify                  Tmut/Erth      #.......     100%        4    #####..
 Metabolic Englaciation   Hex/Ice        #.........   100%        5    ######.
 Yara's Violent Unravell  Hex/Tmut       #.........   100%        5    ######.


Dungeon Overview and Level Annotations

Branches:
Dungeon (10/15)            Temple (1/1) D:5            Lair (6/6) D:10
  Swamp (0/4) Lair:4       Spider (0/4) Lair:2        Slime (0/5) Lair:5
    Orc (0/2) D:10

Altars:
Ashenzari
Cheibriados
Dithmenos
Elyvilon
Fedhas
Gozag
Hepliaklqana
Kikubaaqudgha
Makhleb
Nemelex Xobeh
Okawaru
Qazlal
Ru
Sif Muna
Trog
Uskayaw
Vehumet
Wu Jian
Xom
Yredelemnul
Zin
The Shining One

Shops:
D:4 [   D:7 ?


Innate Abilities, Weirdness & Mutations

You cannot wear boots.
Your serpentine skin is tough. (AC +4)
You have supernaturally acute eyesight. (SInv)
Armour fits poorly on your strangely shaped body.
Your system is resistant to poisons. (rPois)
You cover ground very slowly.
You have a slow metabolism.
You can spit poison.
You can use your snake-like lower body to constrict enemies.


Message History

The death yak gores you!
You hit the death yak.
The death yak looks as sick as possible!
The death yak is severely wounded.
You hit the death yak.
The death yak looks as sick as possible!
You hit the yak.
The yak is poisoned.
You block the death yak's attack. x2
You hit the death yak but do no damage.
The death yak is severely wounded.
You hit the death yak.
The death yak looks as sick as possible!
You slash the death yak!
The death yak looks as sick as possible!
The death yak gores you! x2
The death yak gores you but does no damage.
As you read the scroll of teleportation, it crumbles to dust.
You feel strangely unstable. You block the death yak's attack.
The death yak gores you but does no damage.
The death yak gores you!
You die...

##.# ## #..## .)# #...# ##
...# #.... .# .##.... ##...
Y ..... #.... #Y ##...
##... ##.. ##.Y# #### #P..#
#Y@# ### #### ##...###Y##
###.## ###..#
#...Y..YY####....## #...#.
..###...YP##......####..##.
###P..#......###P....#.
##.....##..# #.....P.
###.###...# ##..#...
#######...####..##...
#PP###...## #...#....


You could see 3 death yaks and 3 yaks.

Vanquished Creatures
  Gastronok (D:8)
  Harold (D:7)
  4 hydras
  A catoblepas (Lair:6)
  2 death yaks (Lair:6)
  5 two-headed ogres
  Urug (Lair:4)
  Nergalle (D:10)
  An unseen horror (D:9)
  A lindwurm (Lair:6)
  9 elephants
  A black mamba (Lair:4)
  A gargoyle (D:10)
  13 spiny frogs
  14 komodo dragons
  2 rime drakes
  2 trolls
  A hornet (D:8)
  Prince Ribbit (D:6)
  19 blink frogs
  13 hippogriffs
  3 spriggans (Lair:1)
  A redback (Lair:2)
  A wyvern (Lair:4)
  30 yaks
  7 basilisks
  A hungry ghost (D:8)
  Menkaure (Ossuary)
  12 water moccasins
  A sky beast (D:9)
  14 porcupines
  7 orc warriors
  2 ice beasts
  A swamp drake (Lair:4)
  6 centaurs
  6 ogres
  8 wolves
  9 crocodiles
  9 bullfrogs
  A wyvern zombie (D:8)
  A scorpion (D:9)
  6 killer bees (D:9)
  11 wights (D:9)
  A howler monkey (D:4)
  2 crimson imps
  A bullfrog zombie (D:10)
  3 hounds
  3 jellies (D:4)
  A quasit (D:5)
  Crazy Yiuf (D:3)
  9 orc wizards
  9 orc priests
  2 bullfrog skeletons
  Jessica (D:2)
  Ijyb (D:3)
  12 iguanas
  7 worker ants
  A hound skeleton (D:6)
  4 mummies
  A howler monkey zombie (D:6)
  A worker ant zombie (D:10)
  3 gnolls (D:7)
  18 adders
  A shadow imp (D:5)
  A white imp (D:5)
  11 oozes
  3 adder zombies
  An adder skeleton (D:4)
  3 worms
  3 dart slugs
  3 leopard geckos
  39 orcs
  5 giant cockroaches
  5 gnoll zombies (Ossuary)
  8 goblins
  9 hobgoblins
  14 jackals
  15 kobolds
  4 quokkas
  2 ball pythons
  8 bats
  3 frilled lizards
  2 gnoll skeletons (Ossuary)
  3 goblin skeletons (Ossuary)
  2 goblin zombies (Ossuary)
  6 hobgoblin skeletons (Ossuary)
  8 hobgoblin zombies
  6 kobold skeletons (Ossuary)
  4 kobold zombies (Ossuary)
  4 orc skeletons (Ossuary)
  3 orc zombies (Ossuary)
  A quokka skeleton (D:4)
  A quokka zombie (D:9)
  7 rats
  3 rat skeletons (Ossuary)
  5 rat zombies (Ossuary)
  3 fungi
  12 plants
521 creatures vanquished.

Vanquished Creatures (others)
  A kobold skeleton (Ossuary)
  A bush (Lair:4)
  13 fungi
  12 plants
  8 toadstools (D:4)
35 creatures vanquished.

Grand Total: 556 creatures vanquished

Notes
Turn   | Place    | Note
-------+----------+-------------------------------------------
     0 | D:1      | Duffy the Naga Gladiator began the quest for the Orb.
     0 | D:1      | Reached XP level 1. HP: 19/19 MP: 1/1
   269 | D:1      | Reached XP level 2. HP: 17/26 MP: 2/2
   484 | D:3      | Reached skill level 4 in Axes
   551 | D:5      | Entered Level 5 of the Dungeon
   561 | D:4      | Reached XP level 3. HP: 23/32 MP: 3/3
   715 | D:5      | Found a staircase to the Ecumenical Temple.
   721 | D:5      | Reached skill level 5 in Axes
   721 | D:5      | Reached XP level 4. HP: 39/39 MP: 4/4
   732 | Temple   | Entered the Ecumenical Temple
   895 | Temple   | Became a worshipper of the Shining One
  1667 | D:1      | Reached XP level 5. HP: 45/45 MP: 5/5
  2334 | D:2      | Noticed Jessica
  2341 | D:2      | Killed Jessica
  2903 | D:3      | Noticed Ijyb
  2923 | D:3      | Killed Ijyb
  2923 | D:3      | Reached XP level 6. HP: 42/56 MP: 6/6
  3218 | D:3      | Reached skill level 6 in Axes
  3316 | D:3      | Found a runed door.
  3632 | D:3      | Noticed Crazy Yiuf
  3634 | D:3      | Killed Crazy Yiuf
  3708 | D:4      | Found Qymimn's Antique Armour Shoppe.
  3717 | D:4      | Reached skill level 1 in Armour
  3805 | D:4      | Reached * piety under the Shining One
  4106 | D:4      | Reached XP level 7. HP: 63/63 MP: 7/7
  4309 | D:4      | Reached skill level 1 in Evocations
  4558 | D:5      | Reached skill level 7 in Axes
  5397 | D:6      | Reached XP level 8. HP: 72/72 MP: 10/10
  5400 | D:6      | Reached ** piety under the Shining One
  5473 | D:6      | Noticed Prince Ribbit
  5676 | D:6      | Reached skill level 8 in Axes
  5934 | D:6      | Killed Prince Ribbit
  6070 | D:6      | Reached skill level 9 in Axes
  6451 | D:6      | Found a sacrificial altar of Ru.
  6817 | D:7      | Noticed a troll
  6859 | D:6      | Reached XP level 9. HP: 25/78 MP: 12/12
  7047 | D:7      | Killed a troll
  7110 | D:7      | Reached skill level 5 in Fighting
  7160 | D:7      | Reached skill level 10 in Axes
  7165 | D:7      | Found a sand-covered staircase.
  7176 | Ossuary  | Entered an ossuary
  7402 | Ossuary  | Reached *** piety under the Shining One
  7480 | Ossuary  | Reached **** piety under the Shining One
  7607 | Ossuary  | Reached ***** piety under the Shining One
  7633 | Ossuary  | Noticed Menkaure
  7641 | Ossuary  | Killed Menkaure
  7641 | Ossuary  | Reached skill level 1 in Invocations
  8027 | D:7      | Found Seguiq's Magic Scroll Emporium.
  8033 | D:7      | Bought a scroll of identify for 28 gold pieces
  8033 | D:7      | Bought a scroll of identify for 28 gold pieces
  8033 | D:7      | Bought a scroll of identify for 28 gold pieces
  8033 | D:7      | Bought a scroll of identify for 28 gold pieces
  8033 | D:7      | Bought a scroll of fog for 28 gold pieces
  8033 | D:7      | Bought a scroll of fear for 49 gold pieces
  8033 | D:7      | Bought a scroll of remove curse for 42 gold pieces
  8052 | D:7      | Noticed Harold
  8078 | D:7      | Killed Harold
  8078 | D:7      | Reached XP level 10. HP: 63/92 MP: 13/13
  8753 | D:8      | Reached skill level 5 in Armour
  8768 | D:8      | Noticed a two-headed ogre
  8779 | D:8      | Killed a two-headed ogre
  9106 | D:8      | Reached skill level 5 in Invocations
  9522 | D:8      | Noticed Gastronok
  9905 | D:9      | Reached ****** piety under the Shining One
  9993 | D:9      | Found a stormy altar of Qazlal.
 10035 | D:9      | Reached XP level 11. HP: 80/103 MP: 15/15
 10562 | D:9      | Found a radiant altar of Vehumet.
 10562 | D:9      | Found a snail-covered altar of Cheibriados.
 10563 | D:9      | Found a blossoming altar of Fedhas.
 10703 | D:10     | Entered Level 10 of the Dungeon
 10703 | D:10     | Noticed an unseen horror
 10720 | D:9      | Killed an unseen horror
 11228 | D:10     | Found a staircase to the Orcish Mines.
 11359 | D:10     | Noticed a two-headed ogre
 11369 | D:10     | Killed a two-headed ogre
 11515 | D:10     | Noticed Nergalle
 11536 | D:10     | Killed Nergalle
 11739 | D:10     | Found a staircase to the Lair.
 11747 | D:10     | Noticed a two-headed ogre
 11755 | D:10     | Killed a two-headed ogre
 11925 | D:10     | Noticed a two-headed ogre
 11935 | D:10     | Killed a two-headed ogre
 12527 | D:8      | Noticed a two-headed ogre
 12536 | D:8      | Killed a two-headed ogre
 12536 | D:8      | Reached skill level 10 in Fighting
 12536 | D:8      | Reached XP level 12. HP: 81/116 MP: 18/18
 12740 | D:8      | Killed Gastronok
 13296 | Lair:1   | Entered Level 1 of the Lair of Beasts
 13313 | Lair:1   | Noticed an eight-headed hydra
 13320 | Lair:1   | Killed an eight-headed hydra
 13797 | Lair:1   | Reached skill level 10 in Invocations
 14652 | Lair:2   | Found a hole to the Spider Nest.
 14909 | Lair:2   | Reached skill level 5 in Evocations
 16016 | Lair:3   | Noticed a seven-headed hydra
 16020 | Lair:3   | Killed a seven-headed hydra
 16020 | Lair:3   | Gained mutation: You can use your snake-like lower body to
                  | constrict enemies. [Naga growth]
 16020 | Lair:3   | Reached XP level 13. HP: 121/127 MP: 20/20
 16416 | Lair:3   | Reached skill level 11 in Axes
 16423 | Lair:3   | Was placed under penance by the Shining One
 17052 | Lair:4   | Found a staircase to the Swamp.
 17603 | Lair:4   | Reached skill level 10 in Armour
 17747 | Lair:4   | Noticed Urug
 17764 | Lair:4   | Killed Urug
 19090 | Lair:5   | Found a staircase to the Slime Pits.
 19180 | Lair:5   | Reached skill level 12 in Axes
 19452 | Lair:6   | Entered Level 6 of the Lair of Beasts
 20558 | Lair:6   | Reached XP level 14. HP: 120/135 MP: 21/21
 20878 | Lair:6   | Reached skill level 13 in Axes
 21970 | Lair:6   | HP: 6/135 [death yak (10)]
 21971 | Lair:6   | Mangled by a death yak

Vault maps used:
D:1:      eino_arrival_water_cross
D:2:      first_ration, kennysheep_generic_room_15, uniq_jessica
D:3:      uniq_crazy_yiuf_cottage, uniq_ijyb
D:4:      cheibrodos_fertilizer, serial_shops, shop, minmay_close_crescents
D:5:      temple_green, minmay_fire_ice_demons
D:6:      nicolae_ru_awakened_eye, uniq_prince_ribbit1
D:7:      nicolae_ossuary_entry_giza, serial_shops, shop_fountains, uniq_harold
D:8:      uniq_gastronok
D:9:      minitemple, grunt_qazlal_clouds
D:10:     lair_entry_dummy, david_orc_4, grunt_ogre_cave, st_stairs_13,
          uniq_nergalle
Temple:   regret_index_temple_mists
Lair:1:   wad_woods_tower, wad_woods_03
Lair:2:   beast_lair_carwin_large_4, spider_nest_entry_rubble
Lair:4:   minmay_swamp_entry_reptiles, grunt_megastairs_1, uniq_urug
Lair:5:   slime_dummy, kennysheep_basilisk_garden
Lair:6:   evilmike_catoblepas_cave, wad_woods_road_02
Ossuary:  ossuary_due_pyramid

Skill      XL: |  1  2  3  4  5  6  7  8  9 10 11 12 13 14 |
---------------+-------------------------------------------+-----
Axes           | 4 5 6 7 9 10 12 13 | 13.4
Fighting       | 3 4 6 8 10 11 | 11.0
Armour         | 1 2 4 6 7 9 11 | 11.7
Evocations     | 3 4 5 6 |  6.1
Invocations    | 3 6 9 10 | 10.0
Throwing       | |  1.7
Dodging        | |  2.4

Action                   |  1- 3 |  4- 6 |  7- 9 | 10-12 | 13-15 || total
-------------------------+-------+-------+-------+-------+-------++-------
Melee: War axe           |    45 |   210 |   342 |   694 |   402 ||  1693
       Morningstar       |       |       |       |     3 |     2 ||     5
       Constrict         |       |       |       |       |    81 ||    81
Throw: Throwing net      |       |       |     2 |       |       ||     2
 Abil: Spit Poison       |     5 |    14 |    18 |     3 |       ||    40
Evoke: Wand              |       |     2 |    10 |    12 |     5 ||    29
  Use: Scroll            |       |     6 |     9 |     3 |     2 ||    20
       Potion            |       |       |     1 |       |     1 ||     2
  Eat: Chunk             |       |     9 |     6 |    23 |    15 ||    53
       Ration            |       |       |     2 |     1 |       ||     3
Armor: Leather armour    |    21 |    38 |       |       |       ||    59
       Plate armour      |       |    63 |   254 |   396 |   371 ||  1084
Dodge: Dodged            |    32 |   108 |    27 |    57 |    71 ||   295
Block: Large shield      |       |     8 |   223 |   410 |   298 ||   939

Table legend:
 A = Non-vault XP
 B = Vault XP
 C = Vault XP percentage of total XP
 D = Non-vault monster count
 E = Vault monster count
 F = Vault count percentage of total count
                 A         B        C        D         E       F
            +---------+---------+-------+---------+---------+-------
      Total |   47384 |   18000 |  27.5 |     362 |     143 |  28.3
            +---------+---------+-------+---------+---------+-------
        D:1 |      58 |       0 |   0.0 |      30 |       0 |   0.0
        D:2 |      92 |      37 |  28.7 |      19 |       1 |   5.0
        D:3 |      36 |      78 |  68.4 |      17 |       2 |  10.5
        D:4 |     237 |     254 |  51.7 |      20 |      19 |  48.7
        D:5 |     293 |      60 |  17.0 |      11 |       2 |  15.4
        D:6 |     818 |     274 |  25.1 |      15 |       1 |   6.2
        D:7 |    1625 |    1007 |  38.3 |      33 |       4 |  10.8
        D:8 |    3385 |    2276 |  40.2 |      27 |       1 |   3.6
        D:9 |    3625 |       0 |   0.0 |      50 |       0 |   0.0
       D:10 |    4662 |    1910 |  29.1 |      16 |      20 |  55.6
     Lair:1 |    3410 |    1689 |  33.1 |      13 |       7 |  35.0
     Lair:2 |    2138 |    2834 |  57.0 |      14 |      15 |  51.7
     Lair:3 |    4764 |       0 |   0.0 |      15 |       0 |   0.0
     Lair:4 |    4169 |    1971 |  32.1 |      17 |       7 |  29.2
     Lair:5 |    5933 |     552 |   8.5 |      25 |       3 |  10.7
     Lair:6 |   12139 |    4778 |  28.2 |      40 |       9 |  18.4
    Ossuary |       0 |     280 | 100.0 |       0 |      52 | 100.0
            +---------+---------+-------+---------+---------+-------
